AoeStats
← HR nomadplayer

Nomad

507886375Analyzed
4v4 RM · 11d ago on Sep 20, 2026· 24m 19s· 8 players
Game mode
Random Map
Map size
231×231
Population
200
Speed
Normal
Resources
Standard
Victory
Conquest
Starting age
Dark Age
Ending age
Imperial Age
RankedLock teamsTeams togetherTeam positionsShared explorationLock speedFull tech treeHidden civsTurbo modeCheats
Victory
Defeat
🇨🇱 Saracens · Chile
1896
+4
🇨🇱 Malians · Chile
1875
+5
🇨🇱 Jurchens · Chile
1871
+5
🇨🇱 Chinese · Chile
1720
+8
🇨🇴 Huns · Colombia
1585
-6
🇨🇴 Japanese · Colombia
1579
-6
🇨🇴 Turks · Colombia
1560
-5
🇨🇴 Vikings · Colombia
1541
-5
VLC | _Sr Mike_
5:10 Loom
15:25 Feudal Age
21:16 Castle Age
19:08 Double-Bit Axe
20:03 Fishing Lines
20:29 Stone Mining
VLC | Raconteur
12:53 Loom
14:44 Feudal Age
18:54 Castle Age
19:37 Double-Bit Axe
VLC | ImperialBoy
4:58 Loom
12:00 Feudal Age
13:15 Double-Bit Axe
16:32 Fletching
VLC | Tithen
4:24 Loom
14:49 Feudal Age
18:40 Castle Age
17:11 Double-Bit Axe
20:48 Fletching
21:09 Town Watch
22:00 Wheelbarrow
22:24 Bodkin Arrow
22:46 Padded Archer Armor
HR nomadplayer
10:29 Loom
12:52 Feudal Age
17:15 Fletching
24:28 Castle Age
HR Sobek
12:59 Feudal Age
13:23 Loom
16:48 Castle Age
16:47 Double-Bit Axe
17:52 Bow Saw
22:58 Wheelbarrow
22:24 Padded Archer Armor
22:27 Horse Collar
HR AboKeiTo
5:03 Loom
13:37 Feudal Age
17:31 Castle Age
18:51 Double-Bit Axe
20:24 Bow Saw
22:25 Wheelbarrow
21:35 Town Watch
HR RYGE
3:15 Loom
13:20 Feudal Age
18:16 Castle Age
16:04 Double-Bit Axe
17:20 Fletching
19:41 Stone Mining
22:34 Bodkin Arrow
23:35 Padded Archer Armor
Connection lost

Rejoining the realm…

Still unreachable

The connection could not be restored.

Session expired

The server has moved on; the page needs a fresh start.